DBL
ST. LOUIS CARDINALS @ BOSTON RED SOX
05/06/1997
 
TOP OF THE 1ST
St. Louis Cardinals batting - Pitching for Boston Red Sox : RHP Tom Gordon
Pitching: RHP Tom Gordon
Batting: LHB Steve Finley 0-0: Ball
1-0: Called Strike
1-1: Foul Ball, location: 2F
1-2: Ball
2-2: Strikes out swinging
Batting: RHB Jay Bell 0-0: Called Strike
0-1: Swinging Strike
0-2: Ball
1-2: Ball
2-2: Strikes out swinging
Batting: LHB Brian S Giles 0-0: Called Strike
0-1: Foul Ball, location: 2F
0-2: Ball
1-2: Ball
2-2: Ball
3-2: Strikes out looking
Top of the 1st over - 0 runs, 0 hits, 0 errors, 0 left on base; St. Louis 0 - Boston 0
BOTTOM OF THE 1ST
Boston Red Sox batting - Pitching for St. Louis Cardinals : RHP Mauro Gozzo
Pitching: RHP Mauro Gozzo
Batting: LHB Todd Hollandsworth 0-0: Ball
1-0: SINGLE (Groundball, 3, EV 91.3 MPH) (infield hit)
Batting: RHB Scott Fletcher 0-0: Called Strike
0-1: Ball
1-1: Foul Ball, location: 2F
1-2: Fielders Choice at 2nd, 5-4 (Groundball, 56S, EV 89.4 MPH)
Batting: LHB Barry Bonds 0-0: Called Strike
0-1: Hit by Pitch
Scott Fletcher to second
Batting: LHB David Ortiz 0-0: Swinging Strike
0-1: Ball
1-1: Ball
2-1: SINGLE (Groundball, P, EV 66.3 MPH) (infield hit)
Scott Fletcher to third
Barry Bonds to second
Batting: RHB Danny Tartabull 0-0: Called Strike
0-1: Ball
1-1: Ball
2-1: Foul Ball, location: 2F
2-2: Ball
3-2: Foul Ball, location: 2F
3-2: Strikes out swinging
Batting: RHB Akira Eto 0-0: Ball
1-0: Ball
2-0: Called Strike
2-1: Called Strike
2-2: Ball
Passed Ball!
Scott Fletcher scores
Barry Bonds to third
David Ortiz to second
3-2: Base on Balls
Pitching: RHP Terry Mathews
Batting: RHB Mike Cameron 0-0: Ball
1-0: Called Strike
1-1: Swinging Strike
1-2: Fly out, F8 (Flyball, 8RM, EV 75.6 MPH)
Bottom of the 1st over - 1 run, 2 hits, 0 errors, 3 left on base; St. Louis 0 - Boston 1
TOP OF THE 2ND
St. Louis Cardinals batting - Pitching for Boston Red Sox : RHP Tom Gordon
Batting: RHB Ivan Calderon 0-0: Foul Ball, location: 2F
0-1: Ball
1-1: Ball
2-1: Ground out 6-3 (Groundball, 6, EV 83.1 MPH)
Batting: LHB Karim Garcia 0-0: Ball
1-0: Ground out 1-3 (Groundball, P, EV 85.6 MPH)
Batting: RHB John Valentin 0-0: Called Strike
0-1: Foul Ball, location: 2F
0-2: Foul Ball, location: 2F
0-2: Fly out, F7 (Flyball, 78D, EV 105.0 MPH)
Top of the 2nd over - 0 runs, 0 hits, 0 errors, 0 left on base; St. Louis 0 - Boston 1
BOTTOM OF THE 2ND
Boston Red Sox batting - Pitching for St. Louis Cardinals : RHP Terry Mathews
Batting: RHB Tim Bogar 0-0: Ball
1-0: Ground out 4-3 (Groundball, 4, EV 100.6 MPH)
Batting: RHB Erik Pappas 0-0: Called Strike
0-1: Foul Ball, location: 2F
0-2: Strikes out swinging
Batting: LHB Todd Hollandsworth 0-0: Called Strike
0-1: Fly out, F5 (Popup, 15, EV 75.0 MPH)
Bottom of the 2nd over - 0 runs, 0 hits, 0 errors, 0 left on base; St. Louis 0 - Boston 1
TOP OF THE 3RD
St. Louis Cardinals batting - Pitching for Boston Red Sox : RHP Tom Gordon
Batting: RHB Dickie Thon 0-0: Ball
1-0: Foul Ball, location: 2F
1-1: Ball
2-1: Called Strike
2-2: Ball
3-2: Foul Ball, location: 2F
3-2: Base on Balls
Batting: RHB Damian Miller 0-0: Grounds into double play, 6-4-3 (Groundball, 6, EV 88.1 MPH)
Batting: SHB Stan Javier 0-0: Ball
1-0: Ground out U3 (Groundball, 3L, EV 104.4 MPH)
Top of the 3rd over - 0 runs, 0 hits, 0 errors, 0 left on base; St. Louis 0 - Boston 1
BOTTOM OF THE 3RD
Boston Red Sox batting - Pitching for St. Louis Cardinals : RHP Terry Mathews
Batting: RHB Scott Fletcher 0-0: Ground out 4-3 (Groundball, 4M, EV 108.1 MPH)
Batting: LHB Barry Bonds 0-0: Foul Ball, location: 2F
0-1: Ball
1-1: Foul Ball, location: 2F
1-2: DOUBLE (Line Drive, 78D, EV 107.5 MPH)
Batting: LHB David Ortiz 0-0: Ball
1-0: Called Strike
1-1: Swinging Strike
1-2: Ball
2-2: Fly out, F7 (Flyball, 7LSF, EV 90.6 MPH)
Batting: RHB Danny Tartabull 0-0: Called Strike
0-1: Foul Ball, location: 2F
0-2: Strikes out swinging
Bottom of the 3rd over - 0 runs, 1 hit, 0 errors, 1 left on base; St. Louis 0 - Boston 1
TOP OF THE 4TH
St. Louis Cardinals batting - Pitching for Boston Red Sox : RHP Tom Gordon
Batting: LHB Steve Finley 0-0: Ball
1-0: Called Strike
1-1: Ball
2-1: Fly out, F6 (Flyball, 56D, EV 85.6 MPH)
Batting: RHB Jay Bell 0-0: Ball
1-0: Ball
2-0: Called Strike
2-1: Swinging Strike
2-2: Foul Ball, location: 2F
2-2: Foul Ball, location: 2F
2-2: Foul Ball, location: 2F
2-2: Foul Ball, location: 2F
2-2: Foul Ball, location: 2F
2-2: Ball
3-2: Base on Balls
Batting: LHB Brian S Giles 0-0: Swinging Strike
0-1: Foul Ball, location: 2F
0-2: Foul Ball, location: 2F
0-2: Fly out, F5 (Popup, 5SF, EV 66.9 MPH)
Batting: RHB Ivan Calderon 0-0: Ball
1-0: Called Strike
1-1: Called Strike
1-2: Ball
2-2: 2-RUN HOME RUN (Flyball, 7D, EV 100.6 MPH), Distance : 387 ft
Batting: LHB Karim Garcia 0-0: Ball
1-0: Ball
2-0: Fly out, F9 (Flyball, 9LMF, EV 95.6 MPH)
Top of the 4th over - 2 runs, 1 hit, 0 errors, 0 left on base; St. Louis 2 - Boston 1
BOTTOM OF THE 4TH
Boston Red Sox batting - Pitching for St. Louis Cardinals : RHP Terry Mathews
Batting: RHB Akira Eto 0-0: Foul Ball, location: 2F
0-1: Ball
1-1: Swinging Strike
1-2: SINGLE (Groundball, 3D, EV 95.0 MPH)
Batting: RHB Mike Cameron 0-0: SINGLE (Line Drive, 8RS, EV 95.6 MPH)
Akira Eto to second
Batting: RHB Tim Bogar 0-0: Bunted foul
0-1: Ball
1-1: Bunt missed!
1-2: Grounds into double play, 5-4-3 (Groundball, 56, EV 105.0 MPH)
Akira Eto to third
Pitching: LHP Randy Myers
Batting: RHB Erik Pappas 0-0: Called Strike
0-1: Swinging Strike
0-2: Foul Ball, location: 2F
0-2: Strikes out looking
Bottom of the 4th over - 0 runs, 2 hits, 0 errors, 1 left on base; St. Louis 2 - Boston 1
TOP OF THE 5TH
St. Louis Cardinals batting - Pitching for Boston Red Sox : RHP Tom Gordon
Batting: RHB John Valentin 0-0: Called Strike
0-1: Ball
1-1: Foul Ball, location: 2F
1-2: Foul Ball, location: 2F
1-2: Ball
2-2: Ground out 5-3 (Groundball, 56S, EV 90.0 MPH)
Batting: RHB Dickie Thon 0-0: Ball
1-0: Foul Ball, location: 2F
1-1: Ball
2-1: Foul Ball, location: 2F
2-2: Ground out 6-3 (Groundball, 6, EV 78.1 MPH)
Batting: RHB Damian Miller 0-0: Ground out 4-3 (Groundball, 3D, EV 100.6 MPH)
Top of the 5th over - 0 runs, 0 hits, 0 errors, 0 left on base; St. Louis 2 - Boston 1
BOTTOM OF THE 5TH
Boston Red Sox batting - Pitching for St. Louis Cardinals : LHP Randy Myers
Batting: LHB Todd Hollandsworth 0-0: Called Strike
0-1: Swinging Strike
0-2: Strikes out swinging
Batting: RHB Scott Fletcher 0-0: Ball
1-0: Fly out, F9 (Flyball, 89S, EV 89.4 MPH)
Batting: LHB Barry Bonds 0-0: Called Strike
0-1: Ball
1-1: Fly out, F7 (Flyball, 78S, EV 83.1 MPH)
Bottom of the 5th over - 0 runs, 0 hits, 0 errors, 0 left on base; St. Louis 2 - Boston 1
TOP OF THE 6TH
St. Louis Cardinals batting - Pitching for Boston Red Sox : RHP Tom Gordon
Batting: SHB Stan Javier 0-0: Called Strike
0-1: Reached on error, E7 (Flyball, 78S, EV 83.1 MPH)
Batting: LHB Steve Finley 0-0: Ball
1-0: Sac Bunt to 3S - play at first, batter OUT! 3-1
Stan Javier to second
Batting: RHB Jay Bell 0-0: Ball
1-0: Ball
2-0: Ball
3-0: Called Strike
3-1: Foul Ball, location: 2F
3-2: Base on Balls
Batting: LHB Brian S Giles 0-0: Ball
1-0: Called Strike
1-1: Ball
2-1: Called Strike
2-2: Ball
3-2: Base on Balls
Stan Javier to third
Jay Bell to second
Batting: RHB Ivan Calderon 0-0: Called Strike
0-1: Foul Ball, location: 2F
0-2: Foul Ball, location: 2F
0-2: Foul Ball, location: 2F
0-2: Foul Ball, location: 2F
0-2: Ball
1-2: Ball
2-2: Fly out, F8 (Flyball, 8LS, EV 83.8 MPH)
Batting: LHB Karim Garcia 0-0: Ball
1-0: Foul Ball, location: 2F
1-1: Foul Ball, location: 2F
1-2: Strikes out swinging
Top of the 6th over - 0 runs, 0 hits, 1 error, 3 left on base; St. Louis 2 - Boston 1
BOTTOM OF THE 6TH
Boston Red Sox batting - Pitching for St. Louis Cardinals : LHP Randy Myers
Batting: LHB David Ortiz 0-0: Ball
1-0: Foul Ball, location: 2F
1-1: Swinging Strike
1-2: Ball
2-2: Strikes out swinging
Batting: RHB Danny Tartabull 0-0: Foul Ball, location: 2F
0-1: Called Strike
0-2: Strikes out swinging
Batting: RHB Akira Eto 0-0: Ball
1-0: Foul Ball, location: 2F
1-1: Foul Ball, location: 2F
1-2: Ball
2-2: Fly out, F8 (Flyball, 8RS, EV 85.6 MPH)
Bottom of the 6th over - 0 runs, 0 hits, 0 errors, 0 left on base; St. Louis 2 - Boston 1
TOP OF THE 7TH
St. Louis Cardinals batting - Pitching for Boston Red Sox : RHP Tom Gordon
Batting: RHB John Valentin 0-0: Foul Ball, location: 2F
0-1: Called Strike
0-2: Ball
1-2: Ball
2-2: Ball
3-2: SINGLE (Groundball, 6MD, EV 108.8 MPH)
Pitching: LHP Paul Assenmacher
Batting: RHB Dickie Thon 0-0: Sac Bunt to 5S - play at first, batter OUT! 5-3
John Valentin to second
Batting: RHB Damian Miller 0-0: Foul Ball, location: 2F
0-1: Ball
1-1: Foul Ball, location: 2F
1-2: Ball
2-2: Ball
3-2: Strikes out swinging
Batting: SHB Stan Javier 0-0: Ball
1-0: Called Strike
1-1: Fly out, F4 (Popup, 34, EV 59.4 MPH)
Top of the 7th over - 0 runs, 1 hit, 0 errors, 1 left on base; St. Louis 2 - Boston 1
BOTTOM OF THE 7TH
Boston Red Sox batting - Pitching for St. Louis Cardinals : LHP Randy Myers
Pitching: RHP Mariano Rivera
Batting: RHB Mike Cameron 0-0: Ball
1-0: SOLO HOME RUN (Flyball, 7LD, EV 90.0 MPH), Distance : 340 ft
Batting: RHB Tim Bogar 0-0: Ball
1-0: Ball
2-0: Called Strike
2-1: Ball
3-1: Base on Balls
Batting: RHB Erik Pappas 0-0: Ball
1-0: Foul Ball, location: 2F
1-1: Fly out, F8 (Flyball, 8LM, EV 83.8 MPH)
Batting: LHB Todd Hollandsworth 0-0: Swinging Strike
0-1: Called Strike
0-2: Fielders Choice at 2nd, 5-4 (Groundball, 56, EV 85.6 MPH)
Batting: RHB Scott Fletcher 0-0: Foul Ball, location: 2F
0-1: Swinging Strike
0-2: Ground out 4-3 (Groundball, 4, EV 87.5 MPH)
Bottom of the 7th over - 1 run, 1 hit, 0 errors, 1 left on base; St. Louis 2 - Boston 2
TOP OF THE 8TH
St. Louis Cardinals batting - Pitching for Boston Red Sox : LHP Paul Assenmacher
Pitching: RHP Roberto Hernandez
Batting: LHB Steve Finley 0-0: Foul Ball, location: 2F
0-1: SOLO HOME RUN (Flyball, 9D, EV 110.6 MPH), Distance : 396 ft
Batting: RHB Jay Bell 0-0: Called Strike
0-1: Swinging Strike
0-2: Foul Ball, location: 2F
0-2: Strikes out looking
Batting: LHB Brian S Giles 0-0: Foul Ball, location: 2F
0-1: Foul Ball, location: 2F
0-2: Ball
1-2: Foul Ball, location: 2F
1-2: Foul Ball, location: 2F
1-2: Foul Ball, location: 2F
1-2: Ground out U3 (Groundball, 34, EV 87.5 MPH)
Batting: RHB Ivan Calderon 0-0: Called Strike
0-1: Swinging Strike
0-2: Foul Ball, location: 2F
0-2: Strikes out swinging
Top of the 8th over - 1 run, 1 hit, 0 errors, 0 left on base; St. Louis 3 - Boston 2
BOTTOM OF THE 8TH
Boston Red Sox batting - Pitching for St. Louis Cardinals : RHP Mariano Rivera
Batting: LHB Barry Bonds 0-0: Ball
1-0: Ball
2-0: Ball
3-0: Base on Balls
Batting: LHB David Ortiz 0-0: Ball
1-0: Swinging Strike
1-1: Ball
2-1: Foul Ball, location: 2F
2-2: Fielders Choice at 2nd, 6-4 (Groundball, 56, EV 86.9 MPH)
Batting: RHB Danny Tartabull 0-0: Reached on error, E6 (Groundball, 6, EV 91.3 MPH)
David Ortiz to second
Batting: RHB Akira Eto 0-0: Sac Bunt to 15S - play at first, batter OUT! 1-3
David Ortiz to third
Danny Tartabull to second
Batting: RHB Mike Cameron 0-0: Called Strike
0-1: Ball
1-1: Ball
2-1: Foul Ball, location: 2F
2-2: Ground out 6-3 (Groundball, 6M, EV 82.5 MPH)
Bottom of the 8th over - 0 runs, 0 hits, 1 error, 2 left on base; St. Louis 3 - Boston 2
TOP OF THE 9TH
St. Louis Cardinals batting - Pitching for Boston Red Sox : RHP Roberto Hernandez
Batting: LHB Karim Garcia 0-0: Called Strike
0-1: Ball
1-1: Ball
2-1: Ball
3-1: Base on Balls
Pitching: RHP Mike Fyhrie
Batting: RHB John Valentin 0-0: Sac Bunt to 5S - play at first, batter OUT! 5-4
Karim Garcia to second
Batting: RHB Dickie Thon 0-0: Ball
1-0: Fly out, F8 (Flyball, 8RD, EV 99.4 MPH)
Runner from 2nd tags up, SAFE at 3rd with throw by CF
Batting: RHB Damian Miller 0-0: Foul Ball, location: 2F
0-1: Ball
1-1: Ball
2-1: Swinging Strike
2-2: Strikes out swinging
Top of the 9th over - 0 runs, 0 hits, 0 errors, 1 left on base; St. Louis 3 - Boston 2
BOTTOM OF THE 9TH
Boston Red Sox batting - Pitching for St. Louis Cardinals : RHP Mariano Rivera
Pinch Hitting: SHB Joey Cora 0-0: SINGLE (Flyball, 8LD, EV 106.9 MPH)
Pitching: RHP Steve Chitren
Pinch Hitting: SHB Terry Jones 0-0: Bunt - Flyout to 15! F1
Batting: LHB Todd Hollandsworth 0-0: Ball
1-0: Fielders Choice at 2nd, 4-6 (Groundball, 3, EV 82.5 MPH)
Batting: RHB Scott Fletcher 0-0: Ball
1-0: Swinging Strike
1-1: Called Strike
1-2: Foul Ball, location: 2F
1-2: Ball
2-2: Ground out 1-3 (Groundball, 15S, EV 61.3 MPH)
Bottom of the 9th over - 0 runs, 1 hit, 0 errors, 1 left on base; St. Louis 3 - Boston 2
Thursday, February 5th, 2026 - OOTP Baseball 20.8 Build 74